 Dungeon Crawl Stone Soup version 0.28-a0-60-g54b5640690 (webtiles) character file.

Game seed: 5239899446289944860

411 mandarbmax the Chopper (level 6, 0/52 HPs)
             Began as a Hill Orc Monk on July 30, 2021.
             Slain by an iguana (11 damage)
             ... on level 4 of the Dungeon on July 31, 2021.
             The game lasted 00:08:00 (5471 turns).

mandarbmax the Chopper (Hill Orc Monk)              Turns: 5471, Time: 00:08:00

Health: 0/52       AC:  6    Str: 15    XL:     6   Next: 90%
Magic:  6/6        EV:  6    Int: 17    God:
Gold:   142        SH: 13    Dex: 13    Spells: 5/5 levels left

rFire   . . .      SeeInvis .   a - +0 hand axe
rCold   . . .      Faith    .   d - +0 tower shield
rNeg    . . .      Spirit   .   i - +0 scale mail
rPois   .          Reflect  .   (no helmet)
rElec   .          Harm     .   (no cloak)
rCorr   .          Rampage  .   (no gloves)
Will    .....                   (no boots)
Stlth   ..........              (no amulet)
HPRegen 0.17/turn               k - ring of wizardry
MPRegen 0.10/turn               o - +6 ring of intelligence

@: no status effects
A: no striking features
a: no special abilities


You were on level 4 of the Dungeon.
You visited 1 branch of the dungeon, and saw 4 of its levels.

You collected 142 gold pieces.

Inventory:

Hand Weapons
 a - a +0 hand axe (weapon)
Missiles
 f - 36 poisoned darts (quivered)
 h - 12 boomerangs
Armour
 d - a +0 tower shield (worn)
 i - a +0 scale mail (worn)
Jewellery
 k - a ring of wizardry (left hand)
 o - a +6 ring of intelligence (right hand)
Scrolls
 b - a scroll of amnesia {unknown}
 c - a scroll of summoning {unknown}
 j - a scroll of teleportation {unknown}
 l - a scroll of noise {unknown}
 n - 3 scrolls of identify {unknown}
 p - a scroll of enchant armour {unknown}


   Skills:
 - Level 4.0 Fighting
 * Level 7.9 Axes
 - Level 3.0 Dodging
 - Level 1.5 Stealth
 + Level 3.7 Shields


You had 5 spell levels left.
You didn't know any spells.
Your spell library was empty.

Dungeon Overview and Level Annotations

Branches:
Dungeon (4/15)
 Temple: D:4-7

Altars:
Trog


Message History

The iguana is heavily wounded.
You block the iguana's attack.
Your shield prevents you from hitting the iguana.
The iguana is heavily wounded.
You block the iguana's attack. The iguana barely misses you.
You closely miss the iguana.
The iguana is heavily wounded.
The iguana bites you.
You hit the iguana but do no damage.
The iguana is heavily wounded.
The iguana bites you.
You closely miss the iguana.
The iguana is heavily wounded.
The iguana bites you. The iguana barely misses you.
You hit the iguana.
The iguana is severely wounded.
The iguana bites you!
* * * LOW HITPOINT WARNING * * *
You hit the iguana.
The iguana is almost dead.
You block the iguana's attack.
You closely miss the iguana.
The iguana is almost dead.
The iguana bites you but does no damage.
You block the iguana's attack.
You barely miss the iguana.
The iguana is almost dead.
You block the iguana's attack.
You barely miss the iguana.
The iguana is almost dead.
You block the iguana's attack.
You hit the iguana.
The iguana is almost dead.
You block the iguana's attack. The iguana bites you!
* * * LOW HITPOINT WARNING * * *
You hit the iguana but do no damage.
The iguana is almost dead.
The iguana closely misses you.
You feel better. The iguana bites you!
You die...

#.# #.#######
#.....#.. #........
#.....##.##.######.
#?...$# ..#.#
#.....# #.#.# .
#>....# #.#.# (..
#.....# #...#
....#.....####..#
....(.....)l@..>#
..##.(...#######
#.....# #.....#
#######


You could see an iguana.

Vanquished Creatures
  A necrophage (D:3)
  A kobold brigand (D:3)
  A bullfrog (D:4)
  A jelly (D:3)
  An orc priest (D:3)
  An iguana (D:4)
  3 adders
  An adder zombie (D:3)
  3 dart slugs
  4 orcs
  5 ball pythons
  4 endoplasms
  2 goblins
  2 hobgoblins
  13 jackals
  8 kobolds
  3 quokkas
  A bat (D:3)
  A frilled lizard (D:3)
  8 rats
64 creatures vanquished.

Notes
Turn   | Place    | Note
-------+----------+-------------------------------------------
     0 | D:1      | mandarbmax the Hill Orc Monk began the quest for the Orb.
     0 | D:1      | Reached XP level 1. HP: 19/19 MP: 1/1
   331 | D:1      | Reached XP level 2. HP: 12/27 MP: 2/2
  1527 | D:1      | Reached XP level 3. HP: 8/33 MP: 3/3
  1939 | D:2      | Reached skill level 1 in Shields
  2633 | D:2      | Found a faded altar of an unknown god.
  3073 | D:3      | Reached skill level 5 in Axes
  3179 | D:3      | Reached XP level 4. HP: 38/40 MP: 4/4
  3701 | D:3      | Noticed a kobold brigand
  3722 | D:3      | HP: 1/40 [kobold brigand (8)]
  3731 | D:3      | Killed a kobold brigand
  3732 | D:3      | Reached skill level 6 in Axes
  3732 | D:3      | Reached XP level 5. HP: 20/46 MP: 5/5
  3911 | D:3      | Noticed a necrophage
  3929 | D:3      | Killed a necrophage
  3930 | D:3      | Reached skill level 7 in Axes
  3930 | D:3      | Reached XP level 6. HP: 16/52 MP: 6/6
  5238 | D:4      | Found a bloodstained altar of Trog.
  5471 | D:4      | Slain by an iguana

Illustrated notes

Levels and vault maps discovered:
D:1:      doesnt_arrival_eight_statues, layout_loops_corners
D:2:      layout_basic, chequers_ecumenical_altar_lobes
D:3:      layout_loops_ring, minmay_fractal_squares_5
D:4:      layout_basic, mainiacjoe_overflow_surrounded_room,
          minmay_fractal_squares_diagonal_5

Skill      XL: |  1  2  3  4  5 |
---------------+----------------+-----
Fighting       | 4 |  4.0
Shields        | 1 2 3 |  3.7
Axes           | 5 6 7 |  7.9
Dodging        | 3 |  3.0
Stealth        | |  1.5

Action                   |  1- 3 |  4- 6 || total
-------------------------+-------+-------++-------
Melee: Hand axe          |   105 |   150 ||   255
Throw: Dart              |    39 |    47 ||    86
       Boomerang         |       |     6 ||     6
  Use: Potion            |     1 |     4 ||     5
       Scroll            |       |     1 ||     1
 Stab: Sleeping          |     2 |     1 ||     3
Armor: Robe              |    17 |    18 ||    35
       Scale mail        |       |    10 ||    10
Dodge: Dodged            |    41 |    41 ||    82
Block: Tower shield      |    66 |   106 ||   172

Table legend: (Time is in decaauts)
 A = Elapsed time spent in this place.
 B = Non-inter-level travel time spent in this place.
 C = Inter-level travel time spent in this place.
 D = Time resting spent in this place.
 E = Time spent auto-exploring this place.
 F = Levels seen in this place.
 G = Mean time per level.
                   A        B        C        D        E       F      G
               +--------+--------+--------+--------+--------+-----+--------+
         Total |   5624 |   5398 |    226 |   1610 |   3077 |   4 | 1406.0 |
       Dungeon |   5624 |   5398 |    226 |   1610 |   3077 |   4 | 1406.0 |
               +--------+--------+--------+--------+--------+-----+--------+

Top non-repeatable levels by time:
     D:3: 2048 daAuts
     D:1: 1884 daAuts
     D:2: 1421 daAuts
     D:4: 270 daAuts
